 Dungeon Sprint DCSS version 0.31-a0-656-gb4d89c20fa (webtiles) character file.

Game seed: 14155270674542752173

6503 zazu2006 the Thaumaturge (level 11, -13/90 HPs)
             Began as a Gnoll Wanderer on Aug 30, 2023.
             Was the Champion of Vehumet.
             Blown up by a great orb of eyes (33 damage)
             ... with a mindburst bolt
             ... in the Dungeon (Sprint VII: "The Pits").
             The game lasted 00:10:47 (1982 turns).

zazu2006 the Thaumaturge (Gnoll Wanderer)           Turns: 1982, Time: 00:10:47

Health: -13/90     AC:  6    Str: 15    XL:     11   Next: 0%
Magic:  1/27       EV: 15    Int: 19    God:    Vehumet [******]
Gold:   0          SH:  0    Dex: 11    Spells: 11/34 levels left

rFire   . . .        r - +2 scimitar (holy)
rCold   . . .        (no shield)
rNeg    . . .        u - +1 robe {Will+}
rPois   .            (no helmet)
rElec   .            t - +0 cloak
rCorr   .            (no gloves)
SInv    .            s - +0 pair of boots
Will    .....        (no amulet)
Stlth   ++++         i - +3 ring of strength
HPRegen 0.35/turn    o - +3 ring of intelligence
MPRegen 0.20/turn

%: no teleportation
@: weak-willed
A: fangs 1, strong nose, distributed training
a: Renounce Religion


You were in the Dungeon.
You worshipped Vehumet.
Vehumet was exalted by your worship.
You visited 1 branch

Inventory:

Hand Weapons
 j - a +2 dagger
 k - a +2 falchion
 p - a +0 long sword of flaming
 r - a +2 scimitar of holy wrath (weapon)
Missiles
 b - 7 boomerangs (quivered)
Armour
 s - a +0 pair of boots (worn)
 t - a +0 cloak (worn)
 u - a +1 robe of willpower (worn)
Jewellery
 i - a +3 ring of strength (left hand)
 o - a +3 ring of intelligence (right hand)
Scrolls
 m - 2 scrolls of vulnerability
 n - 5 scrolls of amnesia
Potions
 c - 8 potions of curing
 e - 4 potions of heal wounds
 f - 3 potions of haste
 g - 3 potions of magic
 h - 2 potions of berserk rage
 l - 2 potions of invisibility
 q - 2 potions of brilliance


   Skills:
 + Level 9.8 Fighting
 + Level 9.8 Short Blades
 + Level 9.8 Long Blades
 + Level 9.8 Axes
 + Level 9.8 Maces & Flails
 + Level 9.8 Polearms
 + Level 9.8 Staves
 + Level 9.8 Ranged Weapons
 + Level 11.7 Throwing
 + Level 9.8 Armour
 + Level 10.1 Dodging
 + Level 9.8 Stealth
 + Level 9.8 Shields
 + Level 9.8 Unarmed Combat
 + Level 12.0 Spellcasting
 + Level 8.5 Conjurations
 + Level 8.2 Hexes
 + Level 8.2 Summonings
 + Level 8.2 Necromancy
 + Level 8.2 Translocations
 + Level 8.2 Transmutations
 + Level 8.2 Fire Magic
 + Level 8.2 Ice Magic
 + Level 8.2 Air Magic
 + Level 8.2 Earth Magic
 + Level 8.2 Poison Magic
 + Level 11.0 Invocations
 + Level 9.8 Evocations
 + Level 9.0 Shapeshifting


You had 11 spell levels left.
You knew the following spells:

 Your Spells              Type           Power      Damage    Failure   Level
a - Sting                 Tmut/Pois      100%       1d8       1%          1
b - Stone Arrow           Conj/Erth      86%        3d12      1%          3
c - Sticky Flame          Conj/Fire      43%        2d6       1%          4
d - Ozocubu's Refrigerat  Ice            21%        4d12      41%         7
e - Dazzling Flash        Conj/Hex       86%        N/A       1%          3
f - Freezing Cloud        Conj/Ice/Air   21%        6-21      1%          5

Your spell library contained the following spells:

 Spells                   Type           Power      Damage    Failure   Level
 Plasma Beam              Fire/Air       21%        2x1d33    9%          6
 Shock                    Conj/Air       100%       1d9       1%          1
 Poisonous Vapours        Pois/Air       84%        N/A       1%          2
 Static Discharge         Conj/Air       86%        2-6/arc   1%          2
 Hailstorm                Conj/Ice       43%        3d10      1%          3


Dungeon Overview and Level Annotations

Branches:
Dungeon (1/1)

Altars:
Ashenzari
Cheibriados
Dithmenos
Elyvilon
Fedhas
Gozag
Hepliaklqana
Kikubaaqudgha
Makhleb
Nemelex Xobeh
Okawaru
Qazlal
Ru
Sif Muna
Trog
Uskayaw
Vehumet
Wu Jian
Xom
Yredelemnul
Zin
The Shining One
Jiyva
Lugonu


Innate Abilities, Weirdness & Mutations

You have very sharp teeth.
Your uncanny sense of smell can sniff out nearby items.
Your experience applies equally to all skills.


Message History

Unknown command.
Unknown command.
Casting: Stone Arrow (safe; 1% risk of failure)
Confirm with . or Enter, or press ? or * to list all spells.
Aiming: Stone Arrow (safe; 1% risk of failure)
Press: ? - help, Shift-Dir - straight line, f/p - phantasmal warrior
Aim: a phantasmal warrior (almost destroyed, 76% to hit)
The stone arrow hits the phantasmal warrior!
You destroy the phantasmal warrior!
Vehumet accepts your kill.
You feel your power returning. The great orb of eyes bites you!
Your Spellcasting skill increases to level 12!
Your Invocations skill increases to level 11!
Your Shapeshifting skill increases to level 9!
You have reached level 11!
Unknown command.
Unknown command.
Unknown command.
You hit the great orb of eyes but do no damage.
You bite the great orb of eyes, but do no damage.
The great orb of eyes misses you.
You hit the great orb of eyes. You punch the great orb of eyes.
The great orb of eyes is lightly wounded.
The great orb of eyes bites you.
You barely miss the great orb of eyes.
The great orb of eyes is lightly wounded.
The great orb of eyes bites you!
* * * LOW HITPOINT WARNING * * *
Casting: Stone Arrow (safe; 1% risk of failure)
Confirm with . or Enter, or press ? or * to list all spells.
Aiming: Sticky Flame (mildly dangerous; 1% risk of failure)
Press: ? - help, Shift-Dir - straight line, f - great orb of eyes
Aim: a great orb of eyes (lightly wounded)
The sticky flame hits the great orb of eyes.
The great orb of eyes is lightly wounded.
The great orb of eyes is covered in liquid flames!
The great orb of eyes burns!
The great orb of eyes gazes at you.
Your mind is blasted!
You die...

##''## ###..'...+ #G.
#....###....##'## ..#
......#....##...## s..#
.....)'....')....+ss..+
......#....##...##y...#
#....###....##'##.s..V#
##''## ###..+...'y.#
#.... ####..G### .....
#....†@.# ∆∆∆ .....l
#.........# ∆∆∆ ######
###########


You could see a great orb of eyes (burning).

Vanquished Creatures
  A great orb of eyes (D)
  A death yak (D)
  A sun demon (D)
  A shadow wraith (D)
  A phantasmal warrior (D)
  A deep elf pyromancer (D)
  A manticore (D)
  An elephant (D)
  An orange demon (D)
  A molten gargoyle (D)
  An ice devil (D)
  A tarantella (D)
  A jumping spider (D)
  A basilisk (D)
  2 redbacks (D)
  4 vampire mosquitoes (D)
  An ice beast (D)
  A centaur (D)
  An ogre (D)
  A small abomination (D)
  A wolf (D)
  2 scorpions (D)
  A necrophage (D)
  A quasit (D)
  An orc priest (D)
  4 orc wizards (D)
  A gnoll (D)
  2 adders (D)
  A river rat (D)
  An ufetubus (D)
  A worm (D)
  5 orcs (D)
  A bat (D)
  A bat skeleton (D)
  An endoplasm (D)
  3 goblins (D)
  2 hobgoblins (D)
  2 quokkas (D)
  2 frilled lizards (D)
  A quokka skeleton (D)
58 creatures vanquished.

Notes
Turn   | Place    | Note
-------+----------+-------------------------------------------
     0 | D        | zazu2006 the Gnoll Wanderer began the quest for the Orb.
     0 | D        | zazu2006 set off with the following items: a +0 dagger, 7
                  | boomerangs, 2 potions of curing, a +0 robe, a potion of
                  | heal wounds, a potion of haste, 2 potions of magic, a
                  | potion of berserk rage, a scroll of blinking; and the
                  | following spells available to memorise: Shock, Sting,
                  | Static Discharge, Poisonous Vapours, Dazzling Flash,
                  | Hailstorm.
     0 | D        | Reached XP level 1. HP: 13/13 MP: 8/8
     8 | D        | Learned a level 1 spell: Sting
    44 | D        | Found a bloodstained altar of Trog.
    44 | D        | Found a shimmering blue altar of Sif Muna.
    44 | D        | Found a viscous altar of Jiyva.
    44 | D        | Found a hazy altar of Hepliaklqana.
    44 | D        | Found an opulent altar of Gozag.
    45 | D        | Found a glowing golden altar of the Shining One.
    45 | D        | Found a glowing silver altar of Zin.
    45 | D        | Found a basalt altar of Yredelemnul.
    45 | D        | Found a shimmering altar of Xom.
    45 | D        | Found an ornate altar of the Wu Jian Council.
    45 | D        | Found a sacrificial altar of Ru.
    45 | D        | Found a stormy altar of Qazlal.
    45 | D        | Found an iron altar of Okawaru.
    45 | D        | Found a sparkling altar of Nemelex Xobeh.
    45 | D        | Found a burning altar of Makhleb.
    45 | D        | Found a blossoming altar of Fedhas.
    45 | D        | Found a white marble altar of Elyvilon.
    45 | D        | Found a shadowy altar of Dithmenos.
    45 | D        | Found a snail-covered altar of Cheibriados.
    47 | D        | Found a radiant altar of Vehumet.
    47 | D        | Found a corrupted altar of Lugonu.
    48 | D        | Found a hide-covered altar of Uskayaw.
    48 | D        | Found an ancient bone altar of Kikubaaqudgha.
    48 | D        | Found a broken altar of Ashenzari.
    55 | D        | Became a worshipper of Vehumet
    84 | D        | Reached skill level 1 in Fighting
    84 | D        | Reached skill level 1 in Short Blades
    84 | D        | Reached skill level 1 in Long Blades
    84 | D        | Reached skill level 1 in Axes
    84 | D        | Reached skill level 1 in Maces & Flails
    84 | D        | Reached skill level 1 in Polearms
    84 | D        | Reached skill level 1 in Staves
    84 | D        | Reached skill level 1 in Ranged Weapons
    84 | D        | Reached skill level 1 in Armour
    84 | D        | Reached skill level 1 in Stealth
    84 | D        | Reached skill level 1 in Shields
    84 | D        | Reached skill level 1 in Unarmed Combat
    84 | D        | Reached skill level 1 in Hexes
    84 | D        | Reached skill level 1 in Summonings
    84 | D        | Reached skill level 1 in Necromancy
    84 | D        | Reached skill level 1 in Translocations
    84 | D        | Reached skill level 1 in Transmutations
    84 | D        | Reached skill level 1 in Fire Magic
    84 | D        | Reached skill level 1 in Ice Magic
    84 | D        | Reached skill level 1 in Air Magic
    84 | D        | Reached skill level 1 in Earth Magic
    84 | D        | Reached skill level 1 in Poison Magic
    84 | D        | Reached skill level 1 in Evocations
    84 | D        | Reached skill level 1 in Shapeshifting
    84 | D        | Reached XP level 2. HP: 9/21 MP: 3/10
    86 | D        | Reached * piety under Vehumet
    86 | D        | Offered knowledge of Foxfire by Vehumet.
   152 | D        | Reached ** piety under Vehumet
   152 | D        | Noticed a scorpion
   153 | D        | Reached XP level 3. HP: 26/27 MP: 5/11
   223 | D        | Killed a scorpion
   224 | D        | Reached XP level 4. HP: 19/34 MP: 6/13
   312 | D        | Offered knowledge of Searing Ray by Vehumet.
   355 | D        | Noticed a necrophage
   368 | D        | Reached *** piety under Vehumet
   369 | D        | Reached XP level 5. HP: 23/41 MP: 11/15
   396 | D        | Reached skill level 8 in Spellcasting
   405 | D        | Reached **** piety under Vehumet
   406 | D        | Reached skill level 5 in Invocations
   505 | D        | Offered knowledge of Stone Arrow by Vehumet.
   510 | D        | Learned a level 3 spell: Stone Arrow
   533 | D        | Offered knowledge of Airstrike by Vehumet.
   534 | D        | Reached skill level 5 in Dodging
   534 | D        | Reached XP level 6. HP: 25/49 MP: 8/17
   565 | D        | Reached ***** piety under Vehumet
   719 | D        | Offered knowledge of Sticky Flame by Vehumet.
   725 | D        | Learned a level 4 spell: Sticky Flame
   728 | D        | Offered knowledge of Ozocubu's Refrigeration by Vehumet.
   731 | D        | Noticed a deep elf pyromancer
   734 | D        | Noticed a fire elemental
   735 | D        | Killed a deep elf pyromancer
   736 | D        | Reached skill level 9 in Spellcasting
   736 | D        | Reached skill level 5 in Conjurations
   736 | D        | Reached skill level 5 in Shapeshifting
   736 | D        | Reached XP level 7. HP: 41/58 MP: 14/19
   795 | D        | Reached skill level 5 in Hexes
   795 | D        | Reached skill level 5 in Summonings
   795 | D        | Reached skill level 5 in Necromancy
   795 | D        | Reached skill level 5 in Translocations
   795 | D        | Reached skill level 5 in Transmutations
   795 | D        | Reached skill level 5 in Fire Magic
   795 | D        | Reached skill level 5 in Ice Magic
   795 | D        | Reached skill level 5 in Air Magic
   795 | D        | Reached skill level 5 in Earth Magic
   795 | D        | Reached skill level 5 in Poison Magic
   893 | D        | Noticed a great orb of eyes
   893 | D        | Noticed an orange demon
   906 | D        | Learned a level 7 spell: Ozocubu's Refrigeration
   934 | D        | Killed a great orb of eyes
   934 | D        | Offered knowledge of Starburst by Vehumet.
   935 | D        | Reached skill level 10 in Spellcasting
   935 | D        | Reached XP level 8. HP: 22/67 MP: 22/22
   938 | D        | Killed an orange demon
   939 | D        | Reached XP level 9. HP: 18/72 MP: 18/23
  1188 | D        | Noticed a tarantella
  1198 | D        | Killed a tarantella
  1199 | D        | Reached skill level 10 in Throwing
  1268 | D        | Noticed a sun demon
  1268 | D        | Noticed an ice devil
  1274 | D        | Killed a sun demon
  1279 | D        | Killed an ice devil
  1437 | D        | Learned a level 3 spell: Dazzling Flash
  1463 | D        | Noticed a manticore
  1471 | D        | Reached ****** piety under Vehumet
  1472 | D        | Reached skill level 11 in Spellcasting
  1476 | D        | Offered knowledge of Freezing Cloud by Vehumet.
  1477 | D        | Killed a manticore
  1478 | D        | Reached XP level 10. HP: 29/82 MP: 16/25
  1640 | D        | Noticed a death yak
  1661 | D        | Learned a level 5 spell: Freezing Cloud
  1678 | D        | Killed a death yak
  1679 | D        | Reached skill level 10 in Invocations
  1848 | D        | Noticed an elephant
  1848 | D        | Noticed a molten gargoyle
  1858 | D        | Killed an elephant
  1864 | D        | Killed a molten gargoyle
  1866 | D        | Killed a shadow wraith
  1866 | D        | Offered knowledge of Plasma Beam by Vehumet.
  1965 | D        | Noticed a great orb of eyes
  1965 | D        | Noticed a phantasmal warrior
  1972 | D        | Reached skill level 10 in Dodging
  1978 | D        | Killed a phantasmal warrior
  1979 | D        | Reached skill level 12 in Spellcasting
  1979 | D        | Reached XP level 11. HP: 39/90 MP: 4/27
  1982 | D        | Blown up by a great orb of eyes

Illustrated notes

Levels and vault maps discovered:
D:        pitsprint [storerooms_1, entrance_room_1, metal_vault_2, armoury_2,
          mini_pit_1, grid_room_1, main_hall_1, silver_pit, the_coven_3,
          the_vestibule_1, steel_vault_4, golden_pit, hallway_of_sentries,
          crystal_vault_4, iron_vault_5, final_vault]

Skill      XL: |  1  2  3  4  5  6  7  8  9 10 |
---------------+-------------------------------+-----
Conjurations   | 2 3 4 5 6 7 8 |  8.5
Fighting       | 1 2 3 4 6 7 8 9 |  9.8
Short Blades   | 1 2 3 4 6 7 8 9 |  9.8
Long Blades    | 1 2 3 4 6 7 8 9 |  9.8
Axes           | 1 2 3 4 6 7 8 9 |  9.8
Maces & Flails | 1 2 3 4 6 7 8 9 |  9.8
Polearms       | 1 2 3 4 6 7 8 9 |  9.8
Staves         | 1 2 3 4 6 7 8 9 |  9.8
Ranged Weapons | 1 2 3 4 6 7 8 9 |  9.8
Armour         | 1 2 3 4 6 7 8 9 |  9.8
Stealth        | 1 2 3 4 6 7 8 9 |  9.8
Shields        | 1 2 3 4 6 7 8 9 |  9.8
Unarmed Combat | 1 2 3 4 6 7 8 9 |  9.8
Hexes          | 1 2 3 4 5 6 7 8 |  8.2
Summonings     | 1 2 3 4 5 6 7 8 |  8.2
Necromancy     | 1 2 3 4 5 6 7 8 |  8.2
Translocations | 1 2 3 4 5 6 7 8 |  8.2
Transmutations | 1 2 3 4 5 6 7 8 |  8.2
Fire Magic     | 1 2 3 4 5 6 7 8 |  8.2
Ice Magic      | 1 2 3 4 5 6 7 8 |  8.2
Air Magic      | 1 2 3 4 5 6 7 8 |  8.2
Earth Magic    | 1 2 3 4 5 6 7 8 |  8.2
Poison Magic   | 1 2 3 4 5 6 7 8 |  8.2
Evocations     | 1 2 3 4 6 7 8 9 |  9.8
Shapeshifting  | 1 2 4 5 6 7 9 |  9.0
Invocations    | 3 4 5 7 8 9 11 | 11.0
Dodging        | 3 4 5 6 7 9 10 | 10.1
Throwing       | 7 8 9 10 11 | 11.7
Spellcasting   | 8 9 10 11 12 | 12.0

Action                     |  1- 3 |  4- 6 |  7- 9 | 10-12 || total
---------------------------+-------+-------+-------+-------++-------
  Melee: Dagger            |     8 |    18 |     3 |       ||    29
         Punch             |     1 |       |     2 |     3 ||     6
         Bite              |     1 |       |     1 |     4 ||     6
         Scimitar          |       |       |    15 |    17 ||    32
   Cast: Sting             |    25 |    32 |    12 |     2 ||    71
         Stone Arrow       |       |     5 |     9 |     4 ||    18
         Sticky Flame      |       |     1 |     8 |     9 ||    18
         Freezing Cloud    |       |       |       |     8 ||     8
    Use: Potion            |       |     1 |     4 |     5 ||    10
         Scroll            |       |       |     2 |       ||     2
   Stab: Sleeping          |       |     3 |     2 |       ||     5
 Armour: Robe              |     7 |     5 |     5 |     5 ||    22
  Dodge: Dodged            |    12 |    13 |    13 |    27 ||    65

Table legend: (Time is in decaauts)
 A = Elapsed time spent in this place.
 B = Non-inter-level travel time spent in this place.
 C = Inter-level travel time spent in this place.
 D = Time resting spent in this place.
 E = Time spent auto-exploring this place.
 F = Levels seen in this place.
 G = Mean time per level.
                   A        B        C        D        E       F      G
               +--------+--------+--------+--------+--------+-----+--------+
         Total |   2035 |   2035 |      0 |   1237 |     56 |   1 | 2035.0 |
       Dungeon |   2035 |   2035 |      0 |   1237 |     56 |   1 | 2035.0 |
               +--------+--------+--------+--------+--------+-----+--------+

Top non-repeatable levels by time:
       D: 2035 daAuts
